Map: [ESL] Waterfall

Players

ByuN - Winner!

  • Race: Terran Terran
  • Spawn Location: 7:00

Astrea

  • Race: Protoss Protoss
  • League: Master
  • Spawn Location: 1:00

Event: HomeStory Cup XXII

VOD

Have the link to the VOD?

Description

Time

  • Played on: Dec. 18, 2022, 2:08 p.m.
  • Length: 9:41

All games in this series

Show
View Real Time Build Order
Export as new Build Order

ByuN Terran - Winner!

Build Orders:  

Get SALT Encoding   

  12  0:00  SCV  
  13  0:12  SCV  
  14  0:17  Supply Depot  
  14  0:24  SCV  
  15  0:38  Barracks, SCV  
  16  0:45  Refinery  
  16  0:50  SCV  
  16  0:54  Refinery  
  17  1:03  SCV  
  18  1:15  SCV  
  19  1:25  Reaper  
  20  1:27  Orbital Command  
  20  1:38  Supply Depot  
  20  1:42  Factory  
  20  1:52  SCV  
  21  2:04  SCV  
  22  2:16  SCV  
  23  2:24  Barracks Reactor  
  23  2:28  SCV  
  24  2:32  Hellion, Command Center  
  26  2:39  Starport  
  26  2:42  SCV  
  27  2:54  Widow Mine  
  27  2:57  SCV  
  27  2:58  Supply Depot  
  29  3:00  Marine x2  
  31  3:19  SCV, Widow Mine, Marine x2  
  36  3:20  Medivac  
  38  3:31  SCV  
  39  3:43  SCV, Marine x2  
  39  3:46  Factory Tech Lab  
  42  3:50  Starport Tech Lab  
  42  3:55  SCV  
  42  4:01  Marine x2  
  45  4:04  Supply Depot  
  45  4:07  Orbital Command  
  45  4:08  SCV  
  45  4:09  Raven  
  51  4:17  Cyclone  
  51  4:19  Marine x2  
  51  4:20  SCV  
  54  4:29  Barracks  
  54  4:32  SCV  
  54  4:33  SCV  
  56  4:39  Barracks  
  56  4:42  Marine x2  
  56  4:45  SCV x2  
  60  4:46  Supply Depot  
  60  4:52  Engineering Bay  
  60  4:57  SCV x2  
  60  4:59  Starport Reactor  
  62  5:05  Refinery  
  62  5:09  SCV x2  
  62  5:12  Supply Depot, Marine  
  62  5:13  Stimpack  
  65  5:21  SCV x2  
  65  5:27  Marine x2  
  69  5:33  SCV x2, Factory Reactor  
  69  5:34  Combat Shield, Marauder  
  69  5:35  Supply Depot, Marauder  
  75  5:38  Medivac  
  77  5:45  SCV, Medivac  
  77  5:48  SCV, Marine  
  78  5:54  Marine  
  78  5:56  Supply Depot  
  81  5:57  Missile Turret, Marauder x2  
  81  6:00  SCV x2  
  79  6:10  Marine  
  79  6:12  Marine  
  79  6:15  Supply Depot  
  79  6:16  Supply Depot  
  83  6:19  Terran Infantry Weapons Level 1  
  83  6:21  Marauder  
  83  6:22  Marauder  
  84  6:27  Widow Mine  
  86  6:36  SCV  
  86  6:37  Widow Mine  
  89  6:43  Missile Turret, Marine  
  89  6:44  Marauder x2, Marine  
  95  6:49  Supply Depot  
  95  6:51  Medivac  
  95  6:52  Concussive Shells  
  95  6:53  Medivac  
  99  7:08  SCV x2  
  100  7:09  Marauder  
  100  7:10  Marine x2  
  100  7:11  Widow Mine x2, Marauder  
  109  7:20  SCV  
  93  7:31  Command Center  
  93  7:32  Widow Mine x2  
  93  7:33  Marine x2  
  93  7:37  Marauder x2  
  89  7:48  Medivac x2  
  90  7:52  SCV x2  
  90  7:54  Marine x2  
  90  7:57  Barracks x2  
  94  8:02  Marauder x2  
  96  8:08  Widow Mine x2  
  96  8:11  Marine  
  96  8:12  Marine  
  96  8:17  SCV x2  
  96  8:19  Refinery  
  98  8:25  Marauder  
  98  8:26  Marauder  
  102  8:29  Widow Mine x2  
  102  8:32  Supply Depot  
  106  8:35  Marine  
  106  8:36  Marine  
  108  8:44  SCV x2  
  108  8:45  Barracks Reactor, Barracks Tech Lab  
  108  8:46  Marauder  
  108  8:47  Marauder  
  114  8:54  Missile Turret  
  110  8:56  SCV x2  
  110  8:59  Marine x2  
  110  9:01  Widow Mine x2  
  113  9:03  Medivac  
  113  9:05  Marauder, Orbital Command  
  113  9:07  Marauder  
  113  9:09  SCV, Marauder  
  122  9:12  SCV  
  113  9:17  Marine  
  113  9:21  SCV  
  115  9:24  SCV  
Show
View Real Time Build Order
Export as new Build Order

Astrea Protoss 

Build Orders: 1 Gate Expand, Phoenix Opening 

Get SALT Encoding   

  12  0:00  Probe  
  13  0:12  Probe  
  14  0:16  Pylon  
  14  0:24  Probe (Chrono Boost)  
  16  0:37  Probe (Chrono Boost), Gateway  
  16  0:42  Probe (Chrono Boost)  
  16  0:45  Assimilator  
  17  0:51  Probe  
  18  1:03  Probe  
  19  1:15  Probe  
  20  1:21  Nexus  
  20  1:31  Cybernetics Core  
  20  1:34  Probe  
  20  1:39  Assimilator  
  21  1:46  Probe  
  22  1:49  Pylon  
  22  1:57  Probe  
  23  2:04  Adept (Chrono Boost)  
  23  2:05  Probe  
  25  2:11  Warp Gate  
  25  2:13  Probe  
  27  2:25  Probe  
  27  2:33  Stargate  
  27  2:34  Probe  
  27  2:37  Probe  
  29  2:46  Probe (Chrono Boost)  
  29  2:47  Stalker  
  33  2:54  Probe (Chrono Boost)  
  33  2:59  Probe (Chrono Boost)  
  34  3:06  Probe x2 (Chrono Boost)  
  35  3:13  Probe  
  35  3:15  Phoenix (Chrono Boost), Probe  
  39  3:23  Twilight Council  
  39  3:25  Probe  
  41  3:27  Probe  
  41  3:31  Phoenix (Chrono Boost)  
  43  3:37  Probe  
  43  3:38  Pylon  
  43  3:39  Probe  
  45  3:47  Gateway  
  45  3:50  Probe  
  45  3:54  Phoenix (Chrono Boost)  
  46  3:56  Probe  
  46  4:00  Gateway  
  49  4:07  Charge (Chrono Boost)  
  49  4:09  Gateway  
  49  4:16  Pylon  
  49  4:27  Phoenix (Chrono Boost)  
  49  4:31  Nexus  
  51  4:35  Probe x2  
  51  4:37  Zealot  
  55  4:43  Zealot, Pylon  
  59  4:56  Oracle  
  59  4:57  Zealot  
  62  5:01  Pylon  
  62  5:02  Probe x2  
  62  5:04  Zealot  
  62  5:05  Zealot  
  68  5:08  Zealot  
  70  5:15  Pylon  
  70  5:19  Zealot, Probe x2  
  74  5:23  Pylon  
  74  5:26  Zealot  
  74  5:27  Zealot  
  78  5:35  Zealot  
  80  5:36  Probe x2  
  78  5:47  Zealot x3  
  78  5:48  Probe x2  
  86  5:54  Phoenix (Chrono Boost)  
  86  5:55  Probe  
  89  6:00  Probe  
  89  6:01  Probe  
  81  6:07  Probe  
  81  6:08  Zealot x3  
  88  6:12  Zealot, Probe  
  88  6:13  Probe  
  92  6:18  Forge  
  92  6:19  Phoenix (Chrono Boost)  
  92  6:23  Shield Battery  
  94  6:28  Sentry  
  94  6:29  Zealot x2  
  94  6:32  Pylon  
  100  6:40  Zealot  
  100  6:44  Phoenix  
  104  6:48  Gateway  
  104  6:49  Zealot  
  104  6:50  Protoss Ground Weapons Level 1 (Chrono Boost), Zealot  
  104  6:51  Gateway  
  104  6:52  Zealot  
  110  7:04  Zealot  
  110  7:08  Probe  
  106  7:11  Zealot x2  
  106  7:12  Zealot  
  106  7:14  Phoenix  
  106  7:15  Probe  
  91  7:19  Probe  
  91  7:20  Probe  
  72  7:25  Zealot  
  72  7:27  Probe  
  58  7:31  Probe  
  58  7:32  Probe  
  58  7:33  Zealot x2  
  60  7:39  Probe (Chrono Boost)  
  60  7:43  Probe (Chrono Boost)  
  59  7:44  Phoenix, Probe (Chrono Boost)  
  59  7:48  Zealot x3  
  69  7:51  Probe (Chrono Boost)  
  69  7:52  Pylon  
  69  7:54  Probe x2 (Chrono Boost)  
  69  7:57  Probe (Chrono Boost)  
  69  7:58  Zealot x2  
  74  7:59  Probe x2 (Chrono Boost)  
  72  8:08  Probe  
  72  8:12  Zealot x3  
  69  8:19  Zealot x2  
  70  8:26  Robotics Facility, Probe  
  71  8:27  Phoenix (Chrono Boost)  
  71  8:34  Zealot x2, Sentry  
  75  8:36  Probe x2  
  75  8:38  Probe  
  75  8:41  Zealot  
  84  8:44  Zealot  
  84  8:48  Pylon  
  86  8:55  Zealot x2  
  90  9:01  Zealot x2  
  88  9:03  Phoenix  
  88  9:05  Zealot  
  92  9:13  Probe  
  92  9:14  Probe  
  92  9:16  Probe  
  75  9:19  Zealot x2  
  75  9:21  Zealot x2  
  75  9:25  Zealot, Probe  
  75  9:28  Probe x2  
Tags
 
Add a new tag
Caveats
  • Supply blocks, unpowered buildings, or Contaminate may cause inaccurate times.
  • Supply counts are checked every 10 seconds.